Crunch vs Rivermen

Created - Monday, March 09, 2015 at 23:03

Goals
1 2 3 T
Crunch 4 3 1 8
Rivermen 0 2 0 2
Shots
1 2 3 T
Crunch 10 7 19 36
Rivermen 10 6 4 20

1st period

1. Crunch , Jordin Tootoo 28 (Ryan Strome) at 0:06
2. Crunch , Jordin Tootoo 29 (Taylor Pyatt, Ryan Strome) at 4:51
3. Crunch , Eriah Hayes 17 (Casey Wellman) at 8:53 (PP)
4. Crunch , Ryan Strome 25 (Jordin Tootoo) at 11:14 (PP)

Penalties :
Brian O'Neill (Peo) for Slashing (Minor) at 7:17, Rob Davison (Peo) for Hooking (Minor) at 10:48, Jordin Tootoo (SYR) for Hooking (Minor) at 19:06

2nd period

5. Rivermen , Jeremy Morin 31 (Maxime Fortunus) at 1:44
6. Crunch , Travis Oleksuk 8 (Matt Lindblad, Chad Billins) at 7:38
7. Rivermen , Joakim Nordstrom 23 (Jeremy Morin) at 11:51
8. Crunch , Dustin Jeffrey 9 (Casey Wellman, Eriah Hayes) at 15:14
9. Crunch , Dustin Jeffrey 10 (Casey Wellman) at 19:31 (PP)

Penalties :
Joe Piskula (Peo) for Tripping (Minor) at 8:33, Ryan Sproul (Peo) for Boarding (Minor) at 19:29

3rd period

10. Crunch , Casey Wellman 24 (Eriah Hayes, Karl Stollery) at 5:58 (PP)

Penalties :
Brian O'Neill (Peo) for Roughing (Minor) at 5:03, Ryan Sproul (Peo) for Boarding (Minor) at 9:59

Goalie Stats

Richard Bachman (SYR), 18 saves from 20 shots - (0.900), W, 24-9-4, 60:00 minutes
Tyler Bunz (Peo), 15 saves from 19 shots - (0.789), L, 6-22-1, 25:16 minutes
Jared Coreau (Peo), 13 saves from 17 shots - (0.765), 34:44 minutes

Players Stats for Crunch

Player Name              G  A  P  +/- PIM S  H  SB GA TA FO     MP     PP MP  PK MP  
------------------------------------------------------------------------------------
Andre Petersson          0  0  0   0  0   0  0  1  0  0  0/0    14:23   0:00   0:56 
Brodie Reid              0  0  0   0  0   0  1  0  0  1  0/0     9:10   0:00   0:00 
Casey Wellman            1  3  4   0  0   8  1  1  1  0  9/14   17:09   3:13   0:00 
Chad Billins             0  1  1   1  0   1  0  1  0  3  0/0    23:03   3:58   1:21 
Corban Knight            0  0  0   0  0   0  1  0  1  0  5/8    14:53   0:00   1:03 
Danny Syvret             0  0  0   1  0   0  1  0  0  1  0/0    23:03   3:58   1:21 
Dustin Jeffrey           2  0  2   0  0   4  0  0  2  0  1/1    17:09   3:13   0:00 
Eriah Hayes              1  2  3   0  0   3  2  0  1  0  0/0    17:09   3:13   0:00 
Jordin Tootoo            2  1  3   2  2   3  3  0  5  0  0/1    18:14   3:44   0:00 
Karl Stollery            0  1  1   0  0   1  2  1  0  2  0/0    19:40   2:59   0:00 
Markus Lauridsen         0  0  0   1  0   2  0  0  0  1  0/0    17:17   0:00   0:38 
Matt Lindblad            0  1  1   0  0   0  1  3  1  0  1/2    10:36   0:00   1:03 
Mikael Samuelsson        0  0  0   0  0   2  0  0  2  1  0/0    13:27   0:00   0:00 
Nick Jensen              0  0  0   1  0   3  2  1  0  0  0/0    17:17   0:00   0:38 
Ryan Strome              1  2  3   2  0   3  0  0  3  0  11/14  17:52   3:44   0:00 
Taylor Pyatt             0  1  1   2  0   4  1  0  2  1  2/3    17:52   3:44   0:00 
Travis Oleksuk           1  0  1   0  0   2  2  0  0  1  3/4    10:06   0:00   0:56 
Zach Trotman             0  0  0   0  0   0  1  0  0  2  0/0    19:40   2:59   0:00 

Players Stats for Rivermen

Player Name              G  A  P  +/- PIM S  H  SB GA TA FO     MP     PP MP  PK MP  
------------------------------------------------------------------------------------
Brian Gibbons            0  0  0  -1  0   0  0  0  1  2  4/12   14:28   1:11   1:16 
Brian O'Neill            0  0  0   0  4   0  0  0  0  0  1/1    16:56   0:00   0:00 
Cody Goloubef            0  0  0   1  0   3  1  0  0  3  0/0    19:05   0:10   2:25 
Colton Sissons           0  0  0   0  0   3  0  0  1  0  1/4     7:12   0:00   0:00 
Evan Rankin              0  0  0   0  0   1  0  0  1  0  0/0     7:12   0:00   0:00 
J.T. Brown               0  0  0  -1  0   0  1  1  3  0  3/10   21:31   1:11   5:09 
Jeremy Morin             1  1  2   0  0   3  2  1  4  0  0/0    17:08   0:00   0:32 
Joakim Nordstrom         1  0  1   0  0   2  0  1  3  0  4/7    16:36   0:00   0:00 
Joe Piskula              0  0  0   0  2   0  1  0  0  0  0/0    12:51   0:00   0:00 
Joe Whitney              0  0  0  -1  0   0  2  0  2  1  1/3    18:04   0:48   0:00 
John Lee                 0  0  0   0  0   1  1  0  0  2  0/0    13:40   0:00   1:26 
Mark Stone               0  0  0  -1  0   5  1  0  2  2  0/3    18:57   0:48   1:16 
Maxime Fortunus          0  1  1   1  0   1  0  2  0  1  0/0    19:05   0:10   2:25 
Rob Davison              0  0  0  -2  2   1  1  2  1  0  0/0    22:57   1:49   4:32 
Ryan Reaves              0  0  0  -1  0   0  2  0  4  0  0/0    17:15   1:11   5:41 
Ryan Sproul              0  0  0  -3  4   0  2  0  0  5  0/0    27:14   1:49   3:06 
Zach Miskovic            0  0  0  -1  0   0  0  0  0  1  0/0     5:58   0:00   0:00 
Zack Phillips            0  0  0  -1  0   0  2  0  0  0  1/7    16:48   0:48   0:00 

3 Stars

1 - Jordin Tootoo (SYR)
2 - Casey Wellman (SYR)
3 - Ryan Strome (SYR)

Power Play

Crunch - 4 on 6 Attempt(s) - 66.67%
Rivermen - 0 on 1 Attempt(s) - 0.00%

Penalty Kill

Crunch - 1 on 1 Attempt(s) - 100.00% - Score 0 goal in Penalty Kill
Rivermen - 2 on 6 Attempt(s) - 33.33% - Score 0 goal in Penalty Kill

Team Stat

Crunch - Hits : 18 - Faceoff Wins : 32 - Blocked Shots : 8 - Penalty Minutes : 2
Rivermen - Hits : 16 - Faceoff Wins : 15 - Blocked Shots : 7 - Penalty Minutes : 12

Official

Referees : Unknown
Linesman : Unknown

Game Notes

Jared Coreau enters game at 11:14 of 1st period
Tyler Bunz enters game at 5:58 of 3rd period

Finance

Level 1 -- Attendance: 1524 (76.20%) -- Ticket Income $42,672
Level 2 -- Attendance: 684 (68.40%) -- Ticket Income $6,840
Total Attendance: 2208 (73.60%)
Total Ticket Income: $49,512
Other Income: $24,261
Total Income: $73,773

Crunch

5 vs 5 Forward 
   Center                   Left Wing                Right Wing               Time % Phy DF OF 
 1 Ryan Strome              Jordin Tootoo            Taylor Pyatt             30     1   2  2  
 2 Casey Wellman            Dustin Jeffrey           Eriah Hayes              30     1   2  2  
 3 Corban Knight            Andre Petersson          Mikael Samuelsson        25     1   2  2  
 4 Travis Oleksuk           Matt Lindblad            Brodie Reid              15     1   3  1  

5 vs 5 Defense 
   Defense                  Defense                                           Time % Phy DF OF 
 1 Danny Syvret             Chad Billins                                      34     1   2  2  
 2 Zach Trotman             Karl Stollery                                     33     1   2  2  
 3 Nick Jensen              Markus Lauridsen                                  33     1   2  2  
 4 Danny Syvret             Chad Billins                                      0      0   5  0  

PowerPlay Forward 
   Center                   Left Wing                Right Wing               Time % Phy DF OF 
 1 Ryan Strome              Jordin Tootoo            Taylor Pyatt             50     0   1  4  
 2 Casey Wellman            Dustin Jeffrey           Eriah Hayes              50     0   1  4  

PowerPlay Defense
   Defense                  Defense                                           Time % Phy DF OF 
 1 Danny Syvret             Chad Billins                                      60     0   2  3  
 2 Zach Trotman             Karl Stollery                                     40     0   2  3  

Penalty Kill 4 Players Forward 
   Center                   Wing                     Time % Phy DF OF 
 1 Travis Oleksuk           Andre Petersson          50     1   4  0  
 2 Corban Knight            Matt Lindblad            50     1   4  0  

Penalty Kill 4 Players Defense
   Defense                  Defense                  Time % Phy DF OF 
 1 Nick Jensen              Markus Lauridsen         50     1   4  0  
 2 Danny Syvret             Chad Billins             50     1   4  0  

Penalty Kill - 3 Players Forward 
   Forward                                           Time % Phy DF OF 
 1 Travis Oleksuk                                    50     1   4  0  
 2 Corban Knight                                     50     1   4  0  

Penalty Kill - 3 Players Defense
   Defense                  Defense                  Time % Phy DF OF 
 1 Nick Jensen              Markus Lauridsen         50     1   4  0  
 2 Danny Syvret             Chad Billins             50     1   4  0  

4 vs 4 Forward 
   Center                   Wing                     Time % Phy DF OF 
 1 Ryan Strome              Taylor Pyatt             50     0   2  3  
 2 Casey Wellman            Dustin Jeffrey           50     0   2  3  

4 vs 4 Defense
   Defense                  Defense                  Time % Phy DF OF 
 1 Danny Syvret             Chad Billins             50     1   2  2  
 2 Zach Trotman             Karl Stollery            50     1   2  2  

Last Minutes Offensive
   Center                   Left Wing                Right Wing               Defense                  Defense                  
   Ryan Strome              Jordin Tootoo            Taylor Pyatt             Danny Syvret             Chad Billins             

Last Minutes Defensive
   Center                   Left Wing                Right Wing               Defense                  Defense                  
   Casey Wellman            Andre Petersson          Taylor Pyatt             Danny Syvret             Chad Billins             

Goaltenders
Starting : Richard Bachman          
Backup : John Curry               

Extra Forwards
Normal : Ryan Strome, Casey Wellman, Taylor Pyatt - PP : Ryan Strome, Casey Wellman - PK : Taylor Pyatt
Extra Defensemen
Normal : Danny Syvret, Chad Billins, Karl Stollery - PP : Danny Syvret - PK : Danny Syvret, Chad Billins
Penalty Shots
Eriah Hayes, Ryan Strome, Casey Wellman, Jordin Tootoo, Corban Knight

Rivermen

5 vs 5 Forward 
   Center                   Left Wing                Right Wing               Time % Phy DF OF 
 1 Brian Gibbons            J.T. Brown               Ryan Reaves              35     1   2  2  
 2 Zack Phillips            Joe Whitney              Mark Stone               30     1   2  2  
 3 Joakim Nordstrom         Jeremy Morin             Brian O'Neill            22     1   2  2  
 4 Colton Sissons           J.T. Brown               Evan Rankin              13     1   2  2  

5 vs 5 Defense 
   Defense                  Defense                                           Time % Phy DF OF 
 1 Ryan Sproul              Rob Davison                                       35     1   2  2  
 2 Maxime Fortunus          Cody Goloubef                                     30     1   2  2  
 3 Joe Piskula              John Lee                                          22     1   2  2  
 4 Zach Miskovic            Ryan Sproul                                       13     1   2  2  

PowerPlay Forward 
   Center                   Left Wing                Right Wing               Time % Phy DF OF 
 1 Brian Gibbons            J.T. Brown               Ryan Reaves              60     1   2  2  
 2 Zack Phillips            Joe Whitney              Mark Stone               40     1   2  2  

PowerPlay Defense
   Defense                  Defense                                           Time % Phy DF OF 
 1 Ryan Sproul              Rob Davison                                       60     1   2  2  
 2 Maxime Fortunus          Cody Goloubef                                     40     1   2  2  

Penalty Kill 4 Players Forward 
   Center                   Wing                     Time % Phy DF OF 
 1 J.T. Brown               Ryan Reaves              60     1   2  2  
 2 Mark Stone               Brian Gibbons            40     1   2  2  

Penalty Kill 4 Players Defense
   Defense                  Defense                  Time % Phy DF OF 
 1 Ryan Sproul              Rob Davison              60     1   2  2  
 2 Maxime Fortunus          Cody Goloubef            40     1   2  2  

Penalty Kill - 3 Players Forward 
   Forward                                           Time % Phy DF OF 
 1 J.T. Brown                                        60     1   2  2  
 2 Ryan Reaves                                       40     1   2  2  

Penalty Kill - 3 Players Defense
   Defense                  Defense                  Time % Phy DF OF 
 1 Ryan Sproul              Rob Davison              60     1   2  2  
 2 Maxime Fortunus          Cody Goloubef            40     1   2  2  

4 vs 4 Forward 
   Center                   Wing                     Time % Phy DF OF 
 1 J.T. Brown               Ryan Reaves              60     1   2  2  
 2 Mark Stone               Brian Gibbons            40     1   2  2  

4 vs 4 Defense
   Defense                  Defense                  Time % Phy DF OF 
 1 Ryan Sproul              Rob Davison              60     1   2  2  
 2 Maxime Fortunus          Cody Goloubef            40     1   2  2  

Last Minutes Offensive
   Center                   Left Wing                Right Wing               Defense                  Defense                  
   Brian Gibbons            J.T. Brown               Ryan Reaves              Ryan Sproul              Rob Davison              

Last Minutes Defensive
   Center                   Left Wing                Right Wing               Defense                  Defense                  
   Brian Gibbons            J.T. Brown               Ryan Reaves              Ryan Sproul              Rob Davison              

Goaltenders
Starting : Tyler Bunz               
Backup : Jared Coreau             

Extra Forwards
Normal : Joakim Nordstrom, Brian O'Neill, Jeremy Morin - PP : Joakim Nordstrom, Brian O'Neill - PK : Jeremy Morin
Extra Defensemen
Normal : Joe Piskula, John Lee, Zach Miskovic - PP : Joe Piskula - PK : John Lee, Zach Miskovic
Penalty Shots
J.T. Brown, Ryan Reaves, Mark Stone, Brian Gibbons, Zack Phillips

% Time on Ice - Crunch

Lines # - Real PCT - Wanted PCT - Time Play
Normal Forward
1 - 28% - 30% - 14:08
2 - 28% - 30% - 14:19
3 - 26% - 25% - 13:27
4 - 18% - 15% - 9:10
Normal Defense
1 - 33% - 34% - 17:05
2 - 34% - 33% - 17:20
3 - 33% - 33% - 16:39
4 - 0% - 0% - 0:00
PP Forward
1 - 54% - 50% - 3:44
2 - 46% - 50% - 3:13
PP Defense
1 - 57% - 60% - 3:58
2 - 43% - 40% - 2:59
PK Forward
1 - 47% - 50% - 0:56
2 - 53% - 50% - 1:03
PK Defense
1 - 32% - 50% - 0:38
2 - 68% - 50% - 1:21
PK3 Forward
1 - 0% - 50%
2 - 0% - 50%
PK3 Defense
1 - 0% - 50%
2 - 0% - 50%
44 Forward
1 - 0% - 50%
2 - 0% - 50%
44 Defense
1 - 0% - 50%
2 - 0% - 50%
Last Minute Offensive  - 0:00
Last Minute Defensive  - 0:00
Total
Forward - 60:00
Defense - 60:00

% Time on Ice - Rivermen

Lines # - Real PCT - Wanted PCT - Time Play
Normal Forward
1 - 20% - 35% - 10:23
2 - 33% - 30% - 16:53
3 - 33% - 22% - 16:36
4 - 14% - 13% - 7:12
Normal Defense
1 - 33% - 35% - 16:37
2 - 32% - 30% - 16:30
3 - 23% - 22% - 11:59
4 - 12% - 13% - 5:58
PP Forward
1 - 60% - 60% - 1:11
2 - 40% - 40% - 0:48
PP Defense
1 - 92% - 60% - 1:49
2 - 8% - 40% - 0:10
PK Forward
1 - 82% - 60% - 5:41
2 - 18% - 40% - 1:16
PK Defense
1 - 65% - 60% - 4:32
2 - 35% - 40% - 2:25
PK3 Forward
1 - 0% - 60%
2 - 0% - 40%
PK3 Defense
1 - 0% - 60%
2 - 0% - 40%
44 Forward
1 - 0% - 60%
2 - 0% - 40%
44 Defense
1 - 0% - 60%
2 - 0% - 40%
Last Minute Offensive  - 0:00
Last Minute Defensive  - 0:00
Total
Forward - 60:00
Defense - 60:00

Play by Play

1st period


0:01 of 1st period - Ryan Strome wins face-off versus Brian Gibbons in neutral zone.
0:04 of 1st period - Snap shot by Ryan Strome.
0:04 of 1st period - Shot Misses the Net.
0:06 of 1st period - Snap shot by Jordin Tootoo.
0:06 of 1st period - Goal by Jordin Tootoo - Crunch : 1 - Rivermen : 0.
0:07 of 1st period - Joe Whitney wins face-off versus Casey Wellman in neutral zone.
0:26 of 1st period - Snap shot by Mark Stone.
0:26 of 1st period - Shot Misses the Net.
0:34 of 1st period - Snap shot by Mark Stone.
0:34 of 1st period - Stopped by Richard Bachman with a rebound.
0:42 of 1st period - Wrist shot by Mark Stone.
0:42 of 1st period - Stopped by Richard Bachman with a rebound.
0:44 of 1st period - Slapshot by Cody Goloubef.
0:44 of 1st period - Deflect By Dustin Jeffrey.
0:44 of 1st period - Stopped by Richard Bachman with a rebound.
1:10 of 1st period - Mikael Samuelsson is hit by Cody Goloubef and loses puck.
1:23 of 1st period - Wrist shot by Jeremy Morin.
1:23 of 1st period - Shot Misses the Net.
1:32 of 1st period - Off-side.
1:33 of 1st period - Ryan Strome wins face-off versus Brian Gibbons in neutral zone.
2:30 of 1st period - Joe Whitney is hit by Travis Oleksuk and loses puck.
2:43 of 1st period - Wrist shot by Mark Stone.
2:43 of 1st period - Stopped by Richard Bachman with a rebound.
3:09 of 1st period - Slapshot by Colton Sissons.
3:09 of 1st period - Stopped by Richard Bachman without a rebound.
3:10 of 1st period - Colton Sissons wins face-off versus Casey Wellman in Crunch zone.
4:02 of 1st period - Karl Stollery is hit by Jeremy Morin and loses puck.
4:17 of 1st period - Corban Knight is hit by Jeremy Morin.
4:49 of 1st period - Snap shot by Taylor Pyatt.
4:49 of 1st period - Shot Misses the Net.
4:51 of 1st period - Snap shot by Jordin Tootoo.
4:51 of 1st period - Goal by Jordin Tootoo - Crunch : 2 - Rivermen : 0.
4:52 of 1st period - Taylor Pyatt wins face-off versus Brian Gibbons in neutral zone.
5:05 of 1st period - Wrist shot by Ryan Strome.
5:05 of 1st period - Shot Misses the Net.
6:05 of 1st period - Maxime Fortunus is hit by Eriah Hayes and loses puck.
6:52 of 1st period - Snap shot by Mikael Samuelsson.
6:52 of 1st period - Shot Misses the Net.
7:06 of 1st period - Snap shot by Travis Oleksuk.
7:06 of 1st period - Shot Blocked by Jeremy Morin.
7:08 of 1st period - Slapshot by Matt Lindblad.
7:08 of 1st period - Shot Blocked by Maxime Fortunus.
7:10 of 1st period - Snap shot by Travis Oleksuk.
7:10 of 1st period - Shot Blocked by Maxime Fortunus.
7:12 of 1st period - Slapshot by Matt Lindblad.
7:12 of 1st period - Shot Misses the Net.
7:17 of 1st period - Minor Penalty to Brian O'Neill for Slashing.
7:18 of 1st period - Ryan Strome wins face-off versus J.T. Brown in Rivermen zone.
7:52 of 1st period - Taylor Pyatt is hit by Rob Davison and loses puck.
8:25 of 1st period - Wrist shot by Casey Wellman.
8:25 of 1st period - Stopped by Tyler Bunz with a rebound.
8:27 of 1st period - Slapshot by Zach Trotman.
8:27 of 1st period - Shot Misses the Net.
8:29 of 1st period - Wrist shot by Casey Wellman.
8:29 of 1st period - Shot Misses the Net.
8:31 of 1st period - Wrist shot by Casey Wellman.
8:31 of 1st period - Stopped by Tyler Bunz with a rebound.
8:33 of 1st period - Snap shot by Zach Trotman.
8:33 of 1st period - Deflect By Dustin Jeffrey.
8:33 of 1st period - Deflect By J.T. Brown.
8:33 of 1st period - Shot Misses the Net.
8:33 of 1st period - Puck is out of play.
8:34 of 1st period - Casey Wellman wins face-off versus Mark Stone in Rivermen zone.
8:53 of 1st period - Slapshot by Eriah Hayes.
8:53 of 1st period - Goal by Eriah Hayes - Crunch : 3 - Rivermen : 0.
8:54 of 1st period - Zack Phillips wins face-off versus Corban Knight in neutral zone.
9:09 of 1st period - Wrist shot by Mark Stone.
9:09 of 1st period - Stopped by Richard Bachman with a rebound.
9:11 of 1st period - Slapshot by John Lee.
9:11 of 1st period - Stopped by Richard Bachman without a rebound.
9:12 of 1st period - Corban Knight wins face-off versus Zack Phillips in Crunch zone.
9:12 of 1st period - Corban Knight is hit by Zack Phillips.
9:25 of 1st period - Slapshot by John Lee.
9:25 of 1st period - Deflect By Mark Stone.
9:25 of 1st period - Shot Misses the Net.
9:25 of 1st period - Puck is out of play.
9:26 of 1st period - Ryan Strome wins face-off versus Joakim Nordstrom in Crunch zone.
9:56 of 1st period - Wrist shot by Ryan Strome.
9:56 of 1st period - Stopped by Tyler Bunz with a rebound.
10:28 of 1st period - Wrist shot by Casey Wellman.
10:28 of 1st period - Stopped by Tyler Bunz with a rebound.
10:48 of 1st period - Minor Penalty to Rob Davison for Hooking.
10:49 of 1st period - J.T. Brown wins face-off versus Taylor Pyatt in Rivermen zone.
11:06 of 1st period - Wrist shot by Taylor Pyatt.
11:06 of 1st period - Stopped by Tyler Bunz with a rebound.
11:08 of 1st period - Slapshot by Chad Billins.
11:08 of 1st period - Stopped by Tyler Bunz without a rebound.
11:09 of 1st period - Ryan Strome wins face-off versus J.T. Brown in Rivermen zone.
11:14 of 1st period - Slapshot by Ryan Strome.
11:14 of 1st period - Goal by Ryan Strome - Crunch : 4 - Rivermen : 0.
11:14 of 1st period - Jared Coreau enters game.
11:15 of 1st period - Brian Gibbons wins face-off versus Casey Wellman in neutral zone.
12:15 of 1st period - John Lee is hit by Taylor Pyatt and loses puck.
13:40 of 1st period - Cody Goloubef is hit by Travis Oleksuk and loses puck.
13:55 of 1st period - Snap shot by Colton Sissons.
13:55 of 1st period - Stopped by Richard Bachman with a rebound.
13:57 of 1st period - Wrist shot by J.T. Brown.
13:57 of 1st period - Shot Blocked by Matt Lindblad.
13:59 of 1st period - Wrist shot by Cody Goloubef.
13:59 of 1st period - Shot Blocked by Matt Lindblad.
14:01 of 1st period - Slapshot by Maxime Fortunus.
14:01 of 1st period - Deflect By Evan Rankin.
14:01 of 1st period - Shot Blocked by Matt Lindblad.
14:01 of 1st period - Puck is out of play.
14:02 of 1st period - Casey Wellman wins face-off versus Brian Gibbons in Crunch zone.
14:05 of 1st period - Snap shot by J.T. Brown.
14:05 of 1st period - Shot Misses the Net.
14:07 of 1st period - Slapshot by Rob Davison.
14:07 of 1st period - Deflect By Eriah Hayes.
14:07 of 1st period - Stopped by Richard Bachman with a rebound.
14:37 of 1st period - Wrist shot by Mark Stone.
14:37 of 1st period - Shot Blocked by Chad Billins.
14:48 of 1st period - Off-side.
14:49 of 1st period - Ryan Strome wins face-off versus Zack Phillips in neutral zone.
15:41 of 1st period - Joe Piskula is hit by Zach Trotman and loses puck.
15:48 of 1st period - Wrist shot by Brian Gibbons.
15:48 of 1st period - Shot Misses the Net.
16:15 of 1st period - Andre Petersson is hit by Ryan Reaves and loses puck.
16:30 of 1st period - Slapshot by Jeremy Morin.
16:30 of 1st period - Stopped by Richard Bachman with a rebound.
16:32 of 1st period - Wrist shot by Ryan Sproul.
16:32 of 1st period - Shot Misses the Net.
16:34 of 1st period - Slapshot by Ryan Sproul.
16:34 of 1st period - Shot Blocked by Andre Petersson.
17:36 of 1st period - Markus Lauridsen is hit by Mark Stone.
17:44 of 1st period - Backhand shot by Mark Stone.
17:44 of 1st period - Shot Misses the Net.
19:06 of 1st period - Minor Penalty to Jordin Tootoo for Hooking.
19:07 of 1st period - Travis Oleksuk wins face-off versus Mark Stone in Crunch zone.
19:18 of 1st period - Corban Knight is hit by Joe Whitney and loses puck.
Goals for this period are 4 for Crunch vs 0 for Rivermen.
Shots for this period are 10 for Crunch vs 10 for Rivermen.

2nd period


0:01 of 2nd period - Brian Gibbons wins face-off versus Corban Knight in neutral zone.
0:54 of 2nd period - Chad Billins is hit by Ryan Sproul and loses puck.
1:06 of 2nd period - Penalty to Jordin Tootoo is over, Jordin Tootoo is back on ice.
1:11 of 2nd period - Zack Phillips is hit by Jordin Tootoo.
1:44 of 2nd period - Slapshot by Jeremy Morin.
1:44 of 2nd period - Goal by Jeremy Morin - Crunch : 4 - Rivermen : 1.
1:45 of 2nd period - Brian Gibbons wins face-off versus Ryan Strome in neutral zone.
1:57 of 2nd period - Wrist shot by Ryan Strome.
1:57 of 2nd period - Shot Misses the Net.
1:59 of 2nd period - Slapshot by Nick Jensen.
1:59 of 2nd period - Shot Blocked by J.T. Brown.
2:01 of 2nd period - Wrist shot by Taylor Pyatt.
2:01 of 2nd period - Stopped by Jared Coreau with a rebound.
2:11 of 2nd period - Wrist shot by Ryan Strome.
2:11 of 2nd period - Stopped by Jared Coreau with a rebound.
3:15 of 2nd period - Snap shot by Joe Whitney.
3:15 of 2nd period - Shot Blocked by Karl Stollery.
3:35 of 2nd period - Snap shot by Mark Stone.
3:35 of 2nd period - Stopped by Richard Bachman with a rebound.
5:21 of 2nd period - Taylor Pyatt is hit by John Lee and loses puck.
5:28 of 2nd period - Joe Whitney is hit by Jordin Tootoo and loses puck.
5:59 of 2nd period - Slapshot by Joakim Nordstrom.
5:59 of 2nd period - Stopped by Richard Bachman with a rebound.
6:21 of 2nd period - Maxime Fortunus is hit by Corban Knight and loses puck.
7:27 of 2nd period - Joakim Nordstrom is hit by Brodie Reid and loses puck.
7:38 of 2nd period - Wrist shot by Travis Oleksuk.
7:38 of 2nd period - Goal by Travis Oleksuk - Crunch : 5 - Rivermen : 1.
7:39 of 2nd period - Casey Wellman wins face-off versus Brian Gibbons in neutral zone.
7:49 of 2nd period - Icing by Joe Piskula.
7:50 of 2nd period - Brian Gibbons wins face-off versus Casey Wellman in Rivermen zone.
8:33 of 2nd period - Minor Penalty to Joe Piskula for Tripping.
8:34 of 2nd period - J.T. Brown wins face-off versus Jordin Tootoo in Rivermen zone.
10:13 of 2nd period - Snap shot by Eriah Hayes.
10:13 of 2nd period - Shot Misses the Net.
10:33 of 2nd period - Penalty to Joe Piskula is over, Joe Piskula is back on ice.
10:43 of 2nd period - Snap shot by Ryan Strome.
10:43 of 2nd period - Shot Blocked by Rob Davison.
11:11 of 2nd period - Snap shot by Andre Petersson.
11:11 of 2nd period - Shot Misses the Net.
11:23 of 2nd period - Snap shot by Andre Petersson.
11:23 of 2nd period - Shot Misses the Net.
11:25 of 2nd period - Wrist shot by Mikael Samuelsson.
11:25 of 2nd period - Stopped by Jared Coreau without a rebound.
11:26 of 2nd period - Matt Lindblad wins face-off versus Joakim Nordstrom in Rivermen zone.
11:39 of 2nd period - Snap shot by Joakim Nordstrom.
11:39 of 2nd period - Shot Misses the Net.
11:41 of 2nd period - Slapshot by Cody Goloubef.
11:41 of 2nd period - Stopped by Richard Bachman without a rebound.
11:42 of 2nd period - Joakim Nordstrom wins face-off versus Travis Oleksuk in Crunch zone.
11:51 of 2nd period - Wrist shot by Joakim Nordstrom.
11:51 of 2nd period - Goal by Joakim Nordstrom - Crunch : 5 - Rivermen : 2.
11:52 of 2nd period - Casey Wellman wins face-off versus Colton Sissons in neutral zone.
13:00 of 2nd period - John Lee is hit by Karl Stollery and loses puck.
15:14 of 2nd period - Snap shot by Casey Wellman.
15:14 of 2nd period - Deflect By Dustin Jeffrey.
15:14 of 2nd period - Goal by Dustin Jeffrey - Crunch : 6 - Rivermen : 2.
15:15 of 2nd period - Ryan Strome wins face-off versus Mark Stone in neutral zone.
15:20 of 2nd period - John Lee is hit by Nick Jensen.
15:34 of 2nd period - Zack Phillips is hit by Nick Jensen and loses puck.
16:17 of 2nd period - Snap shot by Mikael Samuelsson.
16:17 of 2nd period - Deflect By Andre Petersson.
16:17 of 2nd period - Shot Misses the Net.
16:17 of 2nd period - Puck is out of play.
16:18 of 2nd period - Casey Wellman wins face-off versus Brian Gibbons in Rivermen zone.
16:43 of 2nd period - Wrist shot by Casey Wellman.
16:43 of 2nd period - Stopped by Jared Coreau without a rebound.
16:44 of 2nd period - Corban Knight wins face-off versus Colton Sissons in Rivermen zone.
17:12 of 2nd period - Wrist shot by Colton Sissons.
17:12 of 2nd period - Shot Misses the Net.
17:14 of 2nd period - Snap shot by Evan Rankin.
17:14 of 2nd period - Shot Hit the Post.
17:33 of 2nd period - Off-side.
17:34 of 2nd period - Brian O'Neill wins face-off versus Ryan Strome in neutral zone.
17:51 of 2nd period - Snap shot by Jeremy Morin.
17:51 of 2nd period - Stopped by Richard Bachman with a rebound.
18:27 of 2nd period - Zack Phillips is hit by Casey Wellman and loses puck.
18:45 of 2nd period - Icing by Ryan Sproul.
18:46 of 2nd period - Travis Oleksuk wins face-off versus Joe Whitney in Rivermen zone.
19:03 of 2nd period - Wrist shot by Matt Lindblad.
19:03 of 2nd period - Shot Blocked by Rob Davison.
19:29 of 2nd period - Minor Penalty to Ryan Sproul for Boarding.
19:30 of 2nd period - Casey Wellman wins face-off versus J.T. Brown in Rivermen zone.
19:31 of 2nd period - Snap shot by Dustin Jeffrey.
19:31 of 2nd period - Goal by Dustin Jeffrey - Crunch : 7 - Rivermen : 2.
19:32 of 2nd period - Ryan Strome wins face-off versus Brian Gibbons in neutral zone.
19:35 of 2nd period - Brian Gibbons is hit by Danny Syvret and loses puck.
Goals for this period are 3 for Crunch vs 2 for Rivermen.
Shots for this period are 7 for Crunch vs 6 for Rivermen.

3rd period


0:01 of 3rd period - Taylor Pyatt wins face-off versus Brian Gibbons in neutral zone.
0:47 of 3rd period - Snap shot by Casey Wellman.
0:47 of 3rd period - Shot Misses the Net.
0:49 of 3rd period - Snap shot by Eriah Hayes.
0:49 of 3rd period - Stopped by Jared Coreau with a rebound.
0:51 of 3rd period - Wrist shot by Dustin Jeffrey.
0:51 of 3rd period - Stopped by Jared Coreau with a rebound.
0:53 of 3rd period - Snap shot by Dustin Jeffrey.
0:53 of 3rd period - Stopped by Jared Coreau with a rebound.
0:55 of 3rd period - Slapshot by Markus Lauridsen.
0:55 of 3rd period - Deflect By Brian Gibbons.
0:55 of 3rd period - Stopped by Jared Coreau without a rebound.
0:56 of 3rd period - Casey Wellman wins face-off versus Zack Phillips in Rivermen zone.
0:57 of 3rd period - Snap shot by Eriah Hayes.
0:57 of 3rd period - Stopped by Jared Coreau with a rebound.
0:59 of 3rd period - Wrist shot by Nick Jensen.
0:59 of 3rd period - Stopped by Jared Coreau with a rebound.
1:01 of 3rd period - Snap shot by Casey Wellman.
1:01 of 3rd period - Stopped by Jared Coreau with a rebound.
1:03 of 3rd period - Snap shot by Nick Jensen.
1:03 of 3rd period - Stopped by Jared Coreau with a rebound.
1:09 of 3rd period - Slapshot by Casey Wellman.
1:09 of 3rd period - Stopped by Jared Coreau with a rebound.
1:11 of 3rd period - Snap shot by Nick Jensen.
1:11 of 3rd period - Deflect By Dustin Jeffrey.
1:11 of 3rd period - Shot Misses the Net.
1:11 of 3rd period - Puck is out of play.
1:12 of 3rd period - Corban Knight wins face-off versus Zack Phillips in Rivermen zone.
1:56 of 3rd period - Icing by Corban Knight.
1:57 of 3rd period - Joakim Nordstrom wins face-off versus Corban Knight in Crunch zone.
2:22 of 3rd period - Joakim Nordstrom is hit by Jordin Tootoo.
3:41 of 3rd period - Mark Stone is hit by Matt Lindblad and loses puck.
5:03 of 3rd period - Minor Penalty to Brian O'Neill for Roughing.
5:04 of 3rd period - Ryan Strome wins face-off versus J.T. Brown in Rivermen zone.
5:17 of 3rd period - Jordin Tootoo is hit by Ryan Reaves and loses puck.
5:26 of 3rd period - Wrist shot by J.T. Brown.
5:26 of 3rd period - Shot Misses the Net.
5:28 of 3rd period - Slapshot by Maxime Fortunus.
5:28 of 3rd period - Stopped by Richard Bachman with a rebound.
5:30 of 3rd period - Snap shot by J.T. Brown.
5:30 of 3rd period - Deflect By Ryan Reaves.
5:30 of 3rd period - Shot Misses the Net.
5:30 of 3rd period - Puck is out of play.
5:31 of 3rd period - Casey Wellman wins face-off versus J.T. Brown in Crunch zone.
5:51 of 3rd period - Cody Goloubef is hit by Karl Stollery and loses puck.
5:58 of 3rd period - Snap shot by Casey Wellman.
5:58 of 3rd period - Goal by Casey Wellman - Crunch : 8 - Rivermen : 2.
5:58 of 3rd period - Tyler Bunz enters game.
5:59 of 3rd period - Ryan Strome wins face-off versus Joe Whitney in neutral zone.
6:36 of 3rd period - Wrist shot by Jordin Tootoo.
6:36 of 3rd period - Deflect By Ryan Strome.
6:36 of 3rd period - Shot Misses the Net.
6:36 of 3rd period - Puck is out of play.
6:37 of 3rd period - Dustin Jeffrey wins face-off versus Joakim Nordstrom in Rivermen zone.
6:46 of 3rd period - Snap shot by Casey Wellman.
6:46 of 3rd period - Stopped by Tyler Bunz with a rebound.
7:06 of 3rd period - Wrist shot by Joakim Nordstrom.
7:06 of 3rd period - Shot Blocked by Casey Wellman.
7:38 of 3rd period - Nick Jensen is hit by J.T. Brown and loses puck.
7:55 of 3rd period - Markus Lauridsen is hit by Zack Phillips and loses puck.
8:08 of 3rd period - Wrist shot by Zack Phillips.
8:08 of 3rd period - Deflect By Andre Petersson.
8:08 of 3rd period - Shot Blocked by Nick Jensen.
8:08 of 3rd period - Puck is out of play.
8:09 of 3rd period - Corban Knight wins face-off versus Zack Phillips in Crunch zone.
8:09 of 3rd period - Corban Knight is hit by Joe Piskula.
8:23 of 3rd period - Chad Billins is hit by Joe Whitney and loses puck.
8:53 of 3rd period - Off-side.
8:54 of 3rd period - Joakim Nordstrom wins face-off versus Ryan Strome in neutral zone.
9:01 of 3rd period - Jordin Tootoo is hit by Ryan Sproul and loses puck.
9:08 of 3rd period - Snap shot by Joakim Nordstrom.
9:08 of 3rd period - Deflect By Jeremy Morin.
9:08 of 3rd period - Shot Misses the Net.
9:08 of 3rd period - Puck is out of play.
9:09 of 3rd period - Joakim Nordstrom wins face-off versus Matt Lindblad in Crunch zone.
9:15 of 3rd period - Off-side.
9:16 of 3rd period - Travis Oleksuk wins face-off versus Zack Phillips in neutral zone.
9:59 of 3rd period - Minor Penalty to Ryan Sproul for Boarding.
10:00 of 3rd period - Casey Wellman wins face-off versus J.T. Brown in Rivermen zone.
10:32 of 3rd period - Wrist shot by Eriah Hayes.
10:32 of 3rd period - Deflect By Casey Wellman.
10:32 of 3rd period - Shot Misses the Net.
10:32 of 3rd period - Puck is out of play.
10:33 of 3rd period - Ryan Strome wins face-off versus J.T. Brown in Rivermen zone.
10:54 of 3rd period - Snap shot by Taylor Pyatt.
10:54 of 3rd period - Stopped by Tyler Bunz without a rebound.
10:55 of 3rd period - J.T. Brown wins face-off versus Casey Wellman in Rivermen zone.
11:59 of 3rd period - Penalty to Ryan Sproul is over, Ryan Sproul is back on ice.
12:22 of 3rd period - Snap shot by Mikael Samuelsson.
12:22 of 3rd period - Stopped by Tyler Bunz with a rebound.
12:24 of 3rd period - Slapshot by Nick Jensen.
12:24 of 3rd period - Stopped by Tyler Bunz with a rebound.
12:26 of 3rd period - Slapshot by Markus Lauridsen.
12:26 of 3rd period - Stopped by Tyler Bunz with a rebound.
13:33 of 3rd period - Slapshot by Mark Stone.
13:33 of 3rd period - Shot Misses the Net.
13:35 of 3rd period - Slapshot by Zack Phillips.
13:35 of 3rd period - Shot Misses the Net.
13:55 of 3rd period - Snap shot by J.T. Brown.
13:55 of 3rd period - Shot Misses the Net.
13:57 of 3rd period - Slapshot by Zach Miskovic.
13:57 of 3rd period - Deflect By Colton Sissons.
13:57 of 3rd period - Stopped by Richard Bachman with a rebound.
14:29 of 3rd period - Zack Phillips is hit by Eriah Hayes and loses puck.
14:54 of 3rd period - Snap shot by Ryan Strome.
14:54 of 3rd period - Deflect By Jordin Tootoo.
14:54 of 3rd period - Stopped by Tyler Bunz with a rebound.
15:10 of 3rd period - Wrist shot by Taylor Pyatt.
15:10 of 3rd period - Stopped by Tyler Bunz with a rebound.
16:32 of 3rd period - Snap shot by Travis Oleksuk.
16:32 of 3rd period - Stopped by Tyler Bunz with a rebound.
16:34 of 3rd period - Slapshot by Karl Stollery.
16:34 of 3rd period - Stopped by Tyler Bunz with a rebound.
17:14 of 3rd period - Snap shot by Brian Gibbons.
17:14 of 3rd period - Shot Misses the Net.
17:20 of 3rd period - Slapshot by Evan Rankin.
17:20 of 3rd period - Stopped by Richard Bachman with a rebound.
17:22 of 3rd period - Wrist shot by Cody Goloubef.
17:22 of 3rd period - Stopped by Richard Bachman without a rebound.
17:23 of 3rd period - Corban Knight wins face-off versus Colton Sissons in Crunch zone.
18:46 of 3rd period - Snap shot by Markus Lauridsen.
18:46 of 3rd period - Shot Blocked by Joakim Nordstrom.
18:48 of 3rd period - Slapshot by Markus Lauridsen.
18:48 of 3rd period - Shot Misses the Net.
19:52 of 3rd period - Wrist shot by J.T. Brown.
19:52 of 3rd period - Shot Misses the Net.
Goals for this period are 1 for Crunch vs 0 for Rivermen.
Shots for this period are 19 for Crunch vs 4 for Rivermen.


Output by the SimonT Hockey Simulator (STHS) for Eric Dolegowski -- Original Page W3C XHTML 1.0 Valid
Hockey Simulator - Hockey Simulation - Hockey Manager